AoeStats
← gnitaek

African Clearing

510617118Analyzed
3v3 RM · 13h ago on Oct 1, 2026· 59m 5s· 6 players
Game mode
Random Map
Map size
Normal (6 player)
Population
200
Speed
Normal
Resources
Standard
Victory
Conquest
Starting age
Dark Age
Ending age
Imperial Age
RankedLock teamsTeams togetherTeam positionsShared explorationLock speedFull tech treeHidden civsTurbo modeCheats
Victory
Defeat
🇩🇪 Khmer · Germany
1307
+14
🇫🇷 Berbers · France
1293
+15
🇭🇺 Ethiopians · Hungary
1108
+22
🇮🇪 Malians · Ireland
1309
-19
🇮🇪 Varangians · Ireland
1233
-16
🇮🇪 Hindustanis · Ireland
1232
-16
Rododino
14:29 Feudal Age
12:45 Loom
16:06 Double-Bit Axe
18:26 Fletching
25:53 Castle Age
35:47 Wheelbarrow
34:55 Horse Collar
35:45 Town Watch
37:43 Gold Mining
38:39 Hand Cart
38:43 Stone Mining
39:07 Bow Saw
43:33 Imperial Age
40:55 Treadmill Crane
41:26 Masonry
43:59 Imperial Age
43:08 Bloodlines
43:01 Husbandry
43:03 Bodkin Arrow
44:12 Ballistics
44:08 Padded Archer Armor
45:00 Bracer
46:13 Chemistry
46:23 Thumb Ring
47:03 Leather Archer Armor
49:39 Kasbah
50:01 Conscription
49:49 Heavy Plow
50:49 Ring Archer Armor
52:53 Gold Shaft Mining
53:11 Maghrebi Camels
53:11 Elite Camel Archer
56:03 Hoardings
56:22 Light Cavalry
57:10 Scale Barding Armor
58:33 Chain Barding Armor
58:24 Forging
57:59 Hussar
jc936194
3:43 Loom
13:46 Feudal Age
18:14 Castle Age
16:22 Horse Collar
16:48 Double-Bit Axe
17:54 Bloodlines
19:49 Bow Saw
27:48 Scale Barding Armor
29:50 Chain Barding Armor
29:41 Forging
29:33 Gold Mining
31:00 Husbandry
32:39 Wheelbarrow
33:09 Iron Casting
33:44 Hand Cart
34:59 Fletching
36:51 Town Watch
41:23 Imperial Age
38:59 Stone Mining
39:46 Gold Shaft Mining
39:08 Bodkin Arrow
42:30 Imperial Age
42:30 Elite Ballista Elephant
43:31 Conscription
43:38 Ballistics
44:19 Chemistry
44:35 Plate Barding Armor
46:07 Double Crossbow
50:16 Bracer
53:32 Blast Furnace
53:33 Elite Battle Elephant
54:17 Tusk Swords
54:45 Padded Archer Armor
Gaborovics
4:33 Loom
15:56 Feudal Age
16:24 Town Watch
17:57 Fletching
25:35 Double-Bit Axe
gnitaek
12:31 Feudal Age
14:05 Double-Bit Axe
15:12 Loom
16:33 Forging
16:29 Scale Barding Armor
21:19 Castle Age
20:39 Scale Mail Armor
21:23 Bloodlines
25:17 Bow Saw
31:47 Wheelbarrow
31:07 Fletching
39:17 Imperial Age
36:56 Horse Collar
38:09 Chain Barding Armor
40:27 Heavy Camel Rider
42:00 Plate Barding Armor
43:05 Iron Casting
42:35 Husbandry
43:48 Two-Man Saw
45:03 Blast Furnace
44:55 Hand Cart
44:55 Imperial Camel Rider
46:21 Town Watch
46:49 Heavy Plow
48:43 Conscription
48:21 Bodkin Arrow
49:56 Grand Trunk Road
50:39 Ballistics
51:19 Chemistry
50:25 Siege Engineers
50:31 Masonry
55:26 Bracer
56:44 Light Cavalry
Runtime
5:37 Loom
13:46 Feudal Age
18:23 Castle Age
16:29 Double-Bit Axe
16:56 Scale Mail Armor
49:55 Imperial Age
48:03 Wheelbarrow
50:00 Onager
51:24 Siege Onager
berserker-latko
3:54 Loom
19:34 Feudal Age
23:28 Castle Age
22:34 Scale Mail Armor
24:34 Chain Mail Armor
24:30 Forging
25:15 Gambesons
29:42 Squires
34:24 Bloodlines
35:33 Scale Barding Armor
37:23 Wheelbarrow
36:37 Vendel Legacy
40:15 Husbandry
42:26 Chain Barding Armor
44:20 Iron Casting
57:48 Imperial Age
55:58 Light Cavalry
56:39 Double-Bit Axe
Connection lost

Rejoining the realm…

Still unreachable

The connection could not be restored.

Session expired

The server has moved on; the page needs a fresh start.